 Dungeon Crawl Stone Soup version 0.23.1-37-gaa34b87 (webtiles) character file.

Game seed: 18358528592932919536

220 Fang the Skirmisher (level 5, -2/34 HPs)
             Began as a Gargoyle Berserker on Mar 22, 2019.
             Was a Priest of Trog.
             Slain by a worker ant (5 damage)
             ... on level 4 of the Dungeon.
             The game lasted 00:03:06 (2428 turns).

Fang the Skirmisher (Gargoyle Berserker)            Turns: 2428, Time: 00:03:06

Health: -2/34      AC: 14    Str: 21    XL:     5   Next: 97%
Magic:  5/5        EV: 13    Int:  8    God:    Trog [***...]
Gold:   219        SH:  0    Dex:  9    Spells: 4/4 levels left

rFire    . . .     SeeInvis .   a - +0 hand axe
rCold    . . .     Gourm    .   (no shield)
rNeg     + . .     Faith    .   u - +0 scale mail
rPois    ∞         Spirit   .   (no helmet)
rElec    +         Reflect  .   (no cloak)
rCorr    .         Harm     .   (no gloves)
MR       .....                  m - +2 pair of boots
Stlth    ..........             (no amulet)
HPRegen  0.11/turn              r - +2 ring of evasion
MPRegen  0.09/turn              (no ring)

@: no status effects
A: negative energy resistance 1, electricity resistance, unbreathing,
petrification resistance, rot immunity, AC +4
a: Berserk, Trog's Hand, Renounce Religion


You were on level 4 of the Dungeon.
You worshipped Trog.
Trog was most pleased with you.
You were not hungry.

You visited 1 branch of the dungeon, and saw 4 of its levels.

You collected 219 gold pieces.

Inventory:

Hand Weapons
 a - a +0 hand axe (weapon)
Armour
 m - a +2 pair of boots (worn)
 u - a +0 scale mail (worn)
Jewellery
 r - a +2 ring of evasion (left hand)
Scrolls
 d - 2 scrolls of noise {unknown}
 e - a scroll of fear {unknown}
 f - a scroll of immolation {unknown}
 i - 3 scrolls of enchant weapon {unknown}
 k - a scroll of teleportation {unknown}
 l - 4 scrolls of identify {unknown}
 n - a scroll of enchant armour {unknown}
 p - 2 scrolls of fog {unknown}
 y - a scroll of blinking {unknown}
 z - a scroll of magic mapping {unknown}
Potions
 b - 2 potions of heal wounds {unknown}
 g - a potion of agility {unknown}
 h - a potion of curing {unknown}
 j - 4 potions of haste {unknown}
 o - a potion of cancellation {unknown}
 q - 2 potions of resistance {unknown}
 s - a potion of might {unknown}
 t - a potion of brilliance {unknown}
 v - 2 potions of degeneration {unknown}
 w - a potion of lignification {unknown}
 x - a potion of flight {unknown}
Comestibles
 c - 7 rations
 A - a chunk of flesh


   Skills:
 + Level 4.5 Fighting
 + Level 3.7 Axes
 + Level 3.8 Armour
 + Level 2.7 Dodging


You had 4 spell levels left.
You didn't know any spells.
Your spell library was empty.

Dungeon Overview and Level Annotations

Branches:
Dungeon (4/15)
 Temple: D:4-7

Altars:


Innate Abilities, Weirdness & Mutations

You are resistant to torment.
Your stone body is resilient. (AC +4)
You are immune to poison.
You resist negative energy. (rN+)
You are resistant to electric shocks. (rElec)
You can survive without breathing.
You are immune to petrification.
You are immune to rotting.


Message History

You barely miss the worker ant. The worker ant barely misses you.
The worker ant bites you but does no damage.
The worker ant closely misses you.
You hit the worker ant but do no damage.
The worker ant is almost dead.
You hit the worker ant but do no damage.
The worker ant misses you. The worker ant bites you.
* * * LOW HITPOINT WARNING * * *
You barely miss the worker ant.
The worker ant is almost dead.
You closely miss the worker ant. The worker ant closely misses you.
The worker ant bites you.
* * * LOW HITPOINT WARNING * * *
The worker ant bites you.
* * * LOW HITPOINT WARNING * * *
You closely miss the worker ant.
The worker ant is almost dead.
You closely miss the worker ant. The worker ant barely misses you. x2
The worker ant bites you.
You die...

... .. ....... ##.# ...
.......#.. #..# #..#
........#.# #..#
....###...........###...
....... ............#...
$.....%##.........#.....
#.[a#..........#.....
#..a@..........#...##
#.$...............##
#............#....#.#
##...............####
#...............##
......#########...#
....... #..## .$..##.
##.# .. ###


You could see 2 worker ants.

Vanquished Creatures
  An ice beast (D:3)
  5 adders
  An ooze (D:1)
  A worm (D:2)
  2 dart slugs
  2 leopard geckos
  2 ball pythons (D:2)
  2 giant cockroaches
  12 goblins
  9 hobgoblins
  7 jackals (D:2)
  3 kobolds
  12 bats
  4 frilled lizards
  10 rats
73 creatures vanquished.

Notes
Turn   | Place    | Note
-------+----------+-------------------------------------------
     0 | D:1      | Fang the Gargoyle Berserker began the quest for the Orb.
     0 | D:1      | Reached XP level 1. HP: 14/14 MP: 1/1
   134 | D:1      | Reached XP level 2. HP: 18/19 MP: 2/2
   314 | D:1      | Reached XP level 3. HP: 22/23 MP: 3/3
   319 | D:1      | Reached ** piety under Trog
   849 | D:2      | Reached XP level 4. HP: 27/29 MP: 4/4
  1075 | D:2      | Reached skill level 4 in Fighting
  1808 | D:3      | Noticed an ice beast
  1814 | D:3      | Reached *** piety under Trog
  1814 | D:3      | Reached XP level 5. HP: 25/33 MP: 5/5
  1821 | D:3      | Killed an ice beast
  2428 | D:4      | Slain by a worker ant

Skill      XL: |  1  2  3  4 |
---------------+-------------+-----
Axes           | 3 |  3.7
Dodging        | 2 |  2.7
Armour         | 3 |  3.8
Fighting       | 4 |  4.5

Action                   |  1- 3 |  4- 6 || total
-------------------------+-------+-------++-------
Melee: Hand axe          |    84 |   161 ||   245
Invok: Berserk           |       |     1 ||     1
  Eat: Chunk             |       |     6 ||     6
Armor: Animal skin       |    34 |    50 ||    84
       Scale mail        |       |    36 ||    36
Dodge: Dodged            |    59 |   152 ||   211
